 Dungeon Crawl Stone Soup version 0.30.1-11-g7821555f0a (webtiles) character file.

Game seed: 140562995930624305

366 Cheops the Insei (level 6, -1/38 HPs)
             Began as an Octopode Transmuter on Dec 5, 2023.
             Succumbed to a water moccasin's poison
             ... in a sewer.
             The game lasted 00:14:46 (3326 turns).

Cheops the Insei (Octopode Transmuter)              Turns: 3326, Time: 00:14:47

Health: -1/38      AC:  2    Str:  9    XL:     6   Next: 68%
Magic:  8/10       EV: 19    Int: 17    God:
Gold:   115        SH:  0    Dex: 18    Spells: 1/11 levels left

rFire   + .          .
                       - Unarmed
rCold   x . .        (shield currently unavailable)
rNeg    . . .        (helmet currently unavailable)
rPois   x            (no amulet)
rElec   .            k - ring of fire
rCorr   .            (no ring)
SInv    .            (no ring)
Will    .....        (no ring)
Stlth   ++           (no ring)
HPRegen 0.26/turn    (no ring)
MPRegen 0.12/turn    (no ring)
                     (no ring)

%: no passive effects
@: lethally poisoned (-1 -> -43), spider-form (expiring)
A: venomous fangs, almost no armour, (amphibious), 8 rings, tiny, (camouflage
1), (gelatinous body 1), (nimble swimmer 1), (tentacles)
a: End Transformation


You were in a sewer.
You were a venomous arachnid creature.
You visited 1 branch of the dungeon, and saw 4 of its levels.
You also visited: Sewer.

You collected 115 gold pieces.

Inventory:

Hand Weapons
 o - a +3 dagger
 q - a +2 quarterstaff of chaos
 s - a +2 hand axe of electrocution
Armour
 m - a +0 buckler
Magical Staves
 b - a staff of cold
Jewellery
 k - a ring of fire (left front pincers)
Wands
 p - a wand of digging (7)
Scrolls
 c - 5 scrolls of fog
 f - a scroll of torment
 g - 2 scrolls of teleportation
 n - a scroll of enchant weapon
Potions
 a - 2 potions of lignification
 d - a potion of might {unknown}
 e - 2 potions of magic {unknown}
 h - 2 potions of mutation {unknown}
 i - a potion of heal wounds
 l - 2 potions of resistance


   Skills:
 - Level 1.0 Fighting
 - Level 2.0 Dodging
 - Level 5.0 Unarmed Combat
 - Level 3.1 Spellcasting
 - Level 3.2 Transmutations
 + Level 0.4 Ice Magic
 - Level 4.0 Poison Magic


You had one spell level left.
You knew the following spells:

 Your Spells              Type           Power      Damage    Failure   Level
a - Beastly Appendage     Tmut           26%        N/A       14%         1
i - Ice Form              Ice/Tmut       8%         N/A       82%         4
s - Spider Form           Tmut/Pois      15%        N/A       28%         3
w - Wereblood             Tmut           13%        N/A       19%         2

Your spell library contained the following spells:

 Spells                   Type           Power      Damage    Failure   Level


Dungeon Overview and Level Annotations

Branches:
Dungeon (4/15)              Sewer (1/1)
 Temple: D:4-7

Altars:
Kikubaaqudgha


Innate Abilities, Weirdness & Mutations

You are a venomous arachnid creature.
You have venomous fangs.
You are tiny and dextrous.
Your spellcasting is less reliable in this form.
Your armour is entirely melded.
You are incapable of wielding weapons or throwing items.
You cannot wear most types of armour.
((You are amphibious.))
You can wear up to eight rings at the same time.
((Your skin changes colour to match your surroundings (Stealth+).))
((Your rubbery body absorbs attacks. (AC +1, EV +1)))
((You are camouflaged when in or above water. (Stealth+)))
((You have tentacles for arms and can constrict up to eight enemies at once.))


Message History

Failed to move towards target.
Failed to move towards target.
Failed to move towards target.
Failed to move towards target.
Failed to move towards target.
Failed to move towards target.
Failed to move towards target.
Failed to move towards target.
The helpless bat fails to defend itself.
You tentacle-slap the bat.
You kill the bat!
Found a gate leading back out of this place.
A water moccasin comes into view.
The water moccasin hisses angrily.
A water moccasin is nearby!
A water moccasin is nearby!
Casting: Beastly Appendage (safe; 4% risk of failure)
Confirm with . or Enter, or press ? or * to list all spells.
You turn into a venomous arachnid creature.
You swing at nothing.
You swing at nothing.
You closely miss the water moccasin. The water moccasin closely misses you.
You closely miss the water moccasin. The water moccasin misses you.
You barely miss the water moccasin. The water moccasin bites you!
You are lethally poisoned!
The water moccasin poisons you!
You closely miss the water moccasin.
You feel extremely sick. The water moccasin misses you.
The water moccasin bites you.
* * * LOW HITPOINT WARNING * * *
You are more poisoned.
The water moccasin poisons you!
You barely miss the water moccasin.
* * * LOW HITPOINT WARNING * * *
You feel extremely sick. The water moccasin misses you.
You hit the water moccasin.
The water moccasin is lightly wounded.
Your transformation is almost over.
You die...

##...## ##.##
#.# #.# #.# #.#
. #.#
....####.#######
.....!Ss.......∩
....############
.


You could see a water moccasin.

Vanquished Creatures
  Sigmund (D:3)
  Crazy Yiuf (D:3)
  Terence (D:3)
  An orc wizard (D:3)
  4 adders
  A dart slug (D:1)
  7 orcs (D:3)
  11 endoplasms
  5 giant cockroaches
  8 hobgoblins
  3 kobolds
  3 quokkas
  5 ball pythons
  9 bats
  4 frilled lizards (D:1)
  2 goblins
  7 rats
73 creatures vanquished.

Notes
Turn   | Place    | Note
-------+----------+-------------------------------------------
     0 | D:1      | Cheops the Octopode Transmuter began the quest for the Orb.
     0 | D:1      | Reached XP level 1. HP: 13/13 MP: 3/3
   106 | D:1      | Reached XP level 2. HP: 18/18 MP: 5/5
   500 | D:1      | Reached skill level 4 in Unarmed Combat
   507 | D:1      | Reached XP level 3. HP: 23/23 MP: 4/6
   543 | D:1      | Learned a level 3 spell: Spider Form
  1035 | D:2      | Learned a level 2 spell: Wereblood
  1187 | D:2      | Reached skill level 1 in Poison Magic
  1192 | D:2      | Reached XP level 4. HP: 28/28 MP: 4/7
  1748 | D:3      | Noticed Sigmund
  2219 | D:3      | Found an ancient bone altar of Kikubaaqudgha.
  2238 | D:3      | Noticed Terence
  2247 | D:3      | Killed Terence
  2248 | D:3      | Reached XP level 5. HP: 23/33 MP: 4/8
  2628 | D:3      | Reached skill level 5 in Unarmed Combat
  2722 | D:3      | Found a runed translucent door.
  2723 | D:3      | Noticed Crazy Yiuf
  2758 | D:3      | Killed Sigmund
  2759 | D:3      | Reached XP level 6. HP: 38/38 MP: 6/10
  2950 | D:3      | Killed Crazy Yiuf
  2962 | D:3      | Learned a level 4 spell: Ice Form
  3135 | D:4      | Found a glowing drain.
  3165 | Sewer    | Entered a sewer
  3317 | Sewer    | Noticed a water moccasin
  3326 | Sewer    | Succumbed to a water moccasin's poison

Illustrated notes

Levels and vault maps discovered:
D:1:      lemuel_arrival_tunnels, layout_loops_ring, kennysheep_crisscross,
          minmay_indecisive_spiral
D:2:      layout_rooms, serial_aquarium, aquarium_bridge_square
          [aquarium_subvault_bridge, aquarium_subvault_wall,
          aquarium_subvault_bridge, aquarium_subvault_wall], aquarium_window_1,
          aquarium_window_1, aquarium_view_2a, aquarium_balcony_double_4,
          aquarium_pool_2
D:3:      layout_loops_cross, mainiacjoe_overflow_alcove_4, uniq_sigmund,
          uniq_terence, uniq_crazy_yiuf_cottage
D:4:      minmay_opposing_rooms, layout_basic,
          worldfamousw_hep_ancestral_shrine, portal_sewer_entry_f, uniq_pikel,
          uniq_ijyb
Sewer:    sewer_big_baddie

Skill      XL: |  1  2  3  4  5  6 |
---------------+-------------------+-----
Unarmed Combat | 4 5 |  5.0
Poison Magic   | 1 2 4 |  4.0
Transmutations | 3 |  3.2
Spellcasting   | 3 |  3.1
Fighting       | |  1.0
Dodging        | |  2.0
Ice Magic      | |  0.4

Action                     |  1- 3 |  4- 6 || total
---------------------------+-------+-------++-------
  Melee: Unarmed           |    74 |   109 ||   183
         Constrict         |    15 |    12 ||    27
         Kick              |    14 |     2 ||    16
         Tentacles         |    10 |     3 ||    13
         Punch             |       |     1 ||     1
   Cast: Beastly Appendage |    18 |     2 ||    20
         Spider Form       |     2 |    13 ||    15
Ability: End Transformatio |       |     1 ||     1
    Use: Scroll            |       |     8 ||     8
   Stab: Sleeping          |     4 |     3 ||     7
 Armour: Skin              |     2 |    13 ||    15
  Dodge: Dodged            |    33 |    72 ||   105
